[Event "Early-Titled-Tuesday-Blitz-July-09-2024"]
[Site "Chess.com"]
[Date "2024.07.09"]
[Round "2"]
[White "CrimeFightingSpider07"]
[Black "Nekoo04"]
[Result "1-0"]
[WhiteElo "2605"]
[BlackElo "2383"]
[TimeControl "180+1"]
[EndTime "8:16:59 PDT"]
[Termination "CrimeFightingSpider07 won by resignation"]

1. Nf3 Nf6 2. g3 g6 3. Bg2 Bg7 4. b3 O-O 5. Bb2 d5 6. O-O c5 7.
d4 Ne4 8. Nbd2 Nc6 9. e3 Bg4 10. h3 Nxd2 11. Qxd2 Bxf3 12. Bxf3 cxd4 13. exd4 Qd7 14. c4 dxc4 15. d5 Ne5 16. Bg2 Rac8 17. f4 cxb3 18. Bxe5 Rc2 19. Qd1 Rfc8 20. axb3 f6 21.
Bd4 Qb5 22. Qf3 Qb4 23. Rad1 Ra2 24. Rf2 Rcc2 25. Rxc2 Rxc2 26. d6 exd6 27. Qxb7 h5 28. Qxb4 1-0

[Event "Early-Titled-Tuesday-Blitz-July-09-2024"]
[Site "Chess.com"]
[Date "2024.07.09"]
[Round "2"]
[White "NikitaShnadrygin"]
[Black "ThanhNghia"]
[Result "1-0"]
[WhiteElo "2744"]
[BlackElo "2459"]
[TimeControl "180+1"]
[EndTime "8:17:00 PDT"]
[Termination "NikitaShnadrygin won on time"]

1. e4 e5 2. Nc3 Nc6 3. Bc4 Nf6 4. d3 Be7 5. f4 d6 6. Nf3 exf4 7. Bxf4 Be6 8. Bb3 Bxb3 9. axb3 O-O 10. O-O d5 11. e5 Nh5 12. Bd2 Bc5+ 13. Kh1 g6 14. Bh6 Re8 15. d4 Be7 16. Qd2 f6 17. Rae1 Ng7 18. Re2 Nf5 19. Bf4 fxe5 20. dxe5 d4 21. Ne4 Qd5 22.
Bg5 Qe6 23. Bxe7 Rxe7 24. Nf6+ Kg7 25. Ng5 Qc8 26. Qf4 Nxe5 27. Rxe5 Kxf6 28. Ne4+ Kf7 29. g4 Rxe5 30. Qxe5 Qe6 31. Ng5+ 1-0

[Event "Early-Titled-Tuesday-Blitz-July-09-2024"]
[Site "Chess.com"]
[Date "2024.07.09"]
[Round "2"]
[White "MeisterJabo"]
[Black "Rud_Makarian"]
[Result "0-1"]
[WhiteElo "2420"]
[BlackElo "3001"]
[TimeControl "180+1"]
[EndTime "8:17:00 PDT"]
[Termination "Rud_Makarian won by checkmate"]

1. e4 c5 2. Nf3 d6 3. c3 Nf6 4. Be2 g6 5. O-O Bg7 6. Re1 O-O 7.
Bf1 e5 8. d4 Nc6 9. d5 Ne7 10.
c4 Kh8 11. Nc3 Nfg8 12. g3 Bh6 13. Bg2 Kg7 14. Be3 f5 15. exf5 Nxf5 16. Bxh6+ Ngxh6 17. Ne4 Ng4 18. h3 Nf6 19. Nfg5 Nxe4 20. Nxe4 Nd4 21. Re3 Bf5 22. b4 Bxe4 23. Rxe4 Qf6 24. Qd2 b6 25. Rf1 Rae8 26. f4 exf4 27. Rfxf4 Qd8 28. Rxd4 cxd4 29. Qxd4+ Kg8 30. c5 Rxf4 31. Qxf4 bxc5 32. bxc5 Rf8 33. Qc4 dxc5 34. d6+ Kg7 35. Qxc5 Qb6 36. Qxb6 axb6 37.
d7 Kf6 38. Bc6 Ke7 39. a4 Rf5 40. Kg2 Rc5 41. Bb5 Rxb5 42. axb5 Kxd7 43. Kf3 Kd6 44. Kf4 Kc5 45. Kg5 Kxb5 46. Kh6 Kc6 47. Kxh7 b5 48. Kxg6 b4 49. h4 b3 50. h5 b2 51. h6 b1=Q+ 52. Kg7 Qb2+ 53. Kg8 Qf6 54. h7 Qg6+ 55. Kh8 Qf7 56.
g4 Qf8# 0-1

[Event "Early-Titled-Tuesday-Blitz-July-09-2024"]
[Site "Chess.com"]
[Date "2024.07.09"]
[Round "2"]
[White "mouseslips_are_the_best"]
[Black "krucki03"]
[Result "0-1"]
[WhiteElo "2312"]
[BlackElo "2518"]
[TimeControl "180+1"]
[EndTime "8:17:00 PDT"]
[Termination "krucki03 won by resignation"]

1. e4 d5 2. exd5 Nf6 3. Nf3 Nxd5 4. d4 g6 5. c4 Nf6 6. Nc3 Bg7 7. Be2 O-O 8. O-O b6 9. h3 e6 10. Bg5 Bb7 11. Qd2 Nbd7 12. Rad1 a6 13. Qf4 Qc8 14.
d5 e5 15. Qh4 Re8 16. Bh6 Bh8 17. Rfe1 a5 18. Bf1 a4 19. a3 e4 20. Nd4 Nc5 21. Bg5 Nfd7 22. Nxe4 Bxd4 23. Rxd4 f5 24. Nxc5 Rxe1 25. Ne6 Nf8 26. Nxf8 Qxf8 27. f3 Rae8 28.
Bh6 Qc5 29. Qf2 R1e7 30. Bd2 Rf7 31. Bc3 Qd6 32. Kh1 Qe7 33. Qg3 Qe5 34. Rh4 Qxg3 0-1

[Event "Early-Titled-Tuesday-Blitz-July-09-2024"]
[Site "Chess.com"]
[Date "2024.07.09"]
[Round "2"]
[White "Kirill_Klukin"]
[Black "MdChess1734"]
[Result "1-0"]
[WhiteElo "2917"]
[BlackElo "2417"]
[TimeControl "180+1"]
[EndTime "8:17:02 PDT"]
[Termination "Kirill_Klukin won on time"]

1. d4 Nf6 2. Nf3 e6 3. e3 b6 4. Bd3 Bb7 5. O-O c5 6. c4 Be7 7. Nc3 O-O 8. d5 exd5 9. cxd5 d6 10. e4 a6 11. a4 Nbd7 12. h3 Qc7 13. Bf4 Rfe8 14.
Rc1 Nf8 15. Re1 Ng6 16. Bh2 Nd7 17. Nd2 Nde5 18. Bf1 Bg5 19. Rc2 Qe7 20. g3 Bxd2 21. Rxd2 f5 22. f4 Nd7 23. Rde2 Qf6 24. Bg2 Qd4+ 25. Kh1 fxe4 26. Nxe4 Kf8 27. Qxd4 cxd4 28. Nxd6 Rxe2 29. Rxe2 Bc8 30. Bg1 Ne7 31. Bxd4 Nc5 32.
Nxc8 Rxc8 33. d6 Nf5 34. Bf2 Nxd6 35. Rd2 Nf5 36. Rc2 1-0

[Event "Early-Titled-Tuesday-Blitz-July-09-2024"]
[Site "Chess.com"]
[Date "2024.07.09"]
[Round "2"]
[White "albi1999"]
[Black "Andreikka"]
[Result "0-1"]
[WhiteElo "2658"]
[BlackElo "3007"]
[TimeControl "180+1"]
[EndTime "8:17:03 PDT"]
[Termination "Andreikka won by resignation"]

1. d4 Nf6 2. c4 e6 3. Nf3 d5 4. g3 Be7 5. Bg2 O-O 6. Nc3 c6 7. O-O b6 8. Nd2 Bb7 9. e4 c5 10. exd5 cxd4 11. Nb5 exd5 12. Nxd4 Qc8 13. cxd5 Nxd5 14.
Qb3 Rd8 15. N2f3 h6 16. Rd1 Na6 17. a3 Nc5 18. Qa2 Bf6 19. Bd2 Nd3 20. Qb3 Nc5 21.
Qa2 Qg4 22. h3 Qg6 23. b4 Ne4 24. Rac1 Rac8 25. Rxc8 Rxc8 26. Qb3 Ndc3 27. Bxc3 Nxc3 28. Rc1 Bxf3 29. Rxc3 Rxc3 30. Qxc3 Bxg2 31. Kxg2 Qe4+ 0-1

[Event "Early-Titled-Tuesday-Blitz-July-09-2024"]
[Site "Chess.com"]
[Date "2024.07.09"]
[Round "2"]
[White "SujanaLohani"]
[Black "chipmunknau"]
[Result "0-1"]
[WhiteElo "2372"]
[BlackElo "2716"]
[TimeControl "180+1"]
[EndTime "8:17:04 PDT"]
[Termination "chipmunknau won on time"]

1. e4 c6 2. d4 d5 3. exd5 cxd5 4.
Bd3 Nc6 5. c3 g6 6. Bf4 Bf5 7.
Bxf5 gxf5 8. Ne2 Nf6 9. Ng3 e6 10. Nd2 Bd6 11. Bxd6 Qxd6 12. O-O h5 13. Re1 O-O-O 14.
Nf3 h4 15. Ne2 Ne4 16. h3 Rdg8 17. Qc1 Rg7 18. Qf4 Qd8 19. Kf1 Rhg8 20. Nxh4 Rg4 21. hxg4 Rxg4 22. g3 Rxf4 23. Nxf4 Qb6 24. Re2 Na5 25.
Nf3 Nc4 26. b3 Ncd6 27. Rc1 Qa6 28. Ne5 Kd8 29. c4 Qa3 30. Rcc2 dxc4 31. bxc4 f6 32. Ned3 Ke7 33. c5 Nb5 34. Rc4 Nbc3 35. Rc2 Nd5 36. Nxd5+ exd5 37. Rb4 Qxd3+ 0-1

[Event "Early-Titled-Tuesday-Blitz-July-09-2024"]
[Site "Chess.com"]
[Date "2024.07.09"]
[Round "2"]
[White "SuperGPatzer"]
[Black "tusplingher"]
[Result "0-1"]
[WhiteElo "2151"]
[BlackElo "2690"]
[TimeControl "180+1"]
[EndTime "8:17:05 PDT"]
[Termination "tusplingher won by resignation"]

1. g4 d5 2. h3 e5 3. c4 dxc4 4. Bg2 c6 5. Nc3 Be6 6. Nf3 Nd7 7. d4 cxd3 8. Qxd3 Ngf6 9. Be3 Nd5 10. O-O-O Be7 11.
g5 Qa5 12. Kb1 Nxc3+ 13. Qxc3 Bxa2+ 14. Kc1 Qxc3+ 15. bxc3 Be6 16. Rd2 O-O 17. Rhd1 Nc5 18. Bxc5 Bxc5 19. e3 f6 20. gxf6 gxf6 21. Nh4 a5 22.
Be4 f5 23. Bc2 a4 24. e4 f4 25. Nf5 a3 26. Kb1 Ra6 27. Ka1 Rb6 28. Rg1+ Kh8 29.
Rg5 Rb2 30. Ng7 Bb3 31. Bxb3 Rxd2 32. Ne6 Be7 33. Nxf8 Bxg5 34. Ne6 Bf6 35. Nc5 Rxf2 36. Nd7 Kg7 37. Nc5 f3 38. Nxb7 Rb2 39. Nd6 Rxb3 40. Ne8+ Kf7 41. Nxf6 Kxf6 0-1

[Event "Early-Titled-Tuesday-Blitz-July-09-2024"]
[Site "Chess.com"]
[Date "2024.07.09"]
[Round "2"]
[White "AlexZambrano"]
[Black "burbur555"]
[Result "0-1"]
[WhiteElo "2386"]
[BlackElo "2742"]
[TimeControl "180+1"]
[EndTime "8:17:05 PDT"]
[Termination "burbur555 won on time"]

1. e4 c6 2. d4 d5 3. exd5 cxd5 4. c4 Nf6 5. Nc3 Nc6 6. Bg5 e6 7. c5 Be7 8. Nf3 O-O 9. Bb5 Ne4 10. Bf4 Bd7 11. Rc1 Nxc3 12. Rxc3 Bf6 13. Bxc6 Bxc6 14. O-O Bb5 15. Re1 h6 16. a4 Bd7 17. Ne5 Qe8 18.
Nxd7 Qxd7 19. b4 a6 20. Qb3 Bxd4 21. Rg3 Kh8 22. Bd6 Rfe8 23. b5 axb5 24. axb5 Rec8 25. Qf3 Bxc5 26. Be5 Bf8 27. Qh5 f6 28. Bf4 e5 29.
Bd2 Ra2 30. Rd3 Qxb5 31. Qg6 Qe8 32. Qf5 d4 33. Rg3 Rc6 34. Bxh6 gxh6 35. Rg6 Qf7 36. Rg3 Bg7 0-1

[Event "Early-Titled-Tuesday-Blitz-July-09-2024"]
[Site "Chess.com"]
[Date "2024.07.09"]
[Round "2"]
[White "KubaGepard"]
[Black "Dedic8"]
[Result "0-1"]
[WhiteElo "2644"]
[BlackElo "2976"]
[TimeControl "180+1"]
[EndTime "8:17:06 PDT"]
[Termination "Dedic8 won by resignation"]

1. d4 Nf6 2. Nf3 d5 3. c4 e6 4. e3 c5 5. dxc5 Bxc5 6. Nc3 Nc6 7. a3 O-O 8. Be2 a6 9. cxd5 exd5 10. O-O Bg4 11. b4 Ba7 12. Bb2 Re8 13. h3 Bh5 14.
Nh4 Bxe2 15. Nxe2 Ne5 16. Nf5 g6 17. Nfd4 Nc4 18. Ra2 Nxb2 19. Rxb2 Rc8 20. Rc2 Qd6 21.
Qb1 Rc4 22. Rd1 Qc7 23. b5 Bb8 24. Ng3 Qc5 25. Nf1 Qxa3 26. bxa6 bxa6 27. Ra2 Qd6 28. Qa1 Ne4 29. Rxa6 Qe5 30. Nc6 Qf5 31. Qb2 Bd6 32. Nd4 Qf6 33. Rda1 Rec8 34. Ra8 Kg7 35. Rxc8 Rxc8 36. Ra7 Be5 37. f3 Rb8 38. Qc2 Bxd4 39.
fxe4 Bxa7 0-1

[Event "Early-Titled-Tuesday-Blitz-July-09-2024"]
[Site "Chess.com"]
[Date "2024.07.09"]
[Round "2"]
[White "temus_galaktionov"]
[Black "Erdnya15"]
[Result "1-0"]
[WhiteElo "2857"]
[BlackElo "2587"]
[TimeControl "180+1"]
[EndTime "8:17:06 PDT"]
[Termination "temus_galaktionov won by checkmate"]

1. d4 d5 2. c4 c6 3. Nf3 Nf6 4. Qb3 a6 5. Nc3 dxc4 6. Qxc4 b5 7. Qd3 Bb7 8. e4 b4 9. Na4 Nbd7 10. Bg5 c5 11. d5 h6 12. Bh4 g5 13. Bg3 e6 14. dxe6 fxe6 15. e5 Ne4 16. O-O-O Bg7 17.
Qc4 Qe7 18. Bd3 Nxg3 19. Bg6+ Kf8 20. fxg3 Bxf3 21. gxf3 Nxe5 22. Qe4 Rb8 23. Bh5 Nd7 24. f4 Nf6 25. Qe5 Rc8 26. Bg6 Nd5 27. Qe4 gxf4 28. gxf4 Qf6 29. Rhf1 Ne7 30. f5 e5 31. Kb1 h5 32. Rd7 Nxg6 33. Nb6 Re8 34. Nd5 Qg5 35. fxg6+ Kg8 36. Nf6+ Qxf6 37. Rxf6 Bxf6 38. Qd5+ Kf8 39. Qf7# 1-0

[Event "Early-Titled-Tuesday-Blitz-July-09-2024"]
[Site "Chess.com"]
[Date "2024.07.09"]
[Round "2"]
[White "EternalNight8"]
[Black "Macron20hTF1"]
[Result "1-0"]
[WhiteElo "2382"]
[BlackElo "2558"]
[TimeControl "180+1"]
[EndTime "8:17:06 PDT"]
[Termination "EternalNight8 won by resignation"]

1. d4 g6 2. e4 Bg7 3. Nc3 d6 4. f4 a6 5. Nf3 b5 6. Bd3 Nd7 7. a4 b4 8. Ne2 c5 9. c3 bxc3 10. bxc3 Qc7 11. Be3 Ngf6 12. O-O Bb7 13. e5 Nd5 14.
Bd2 c4 15. Bc2 e6 16. Ng3 O-O 17. Ne4 dxe5 18. fxe5 h6 19. Nd6 f5 20. exf6 Qxd6 21. fxg7 Kxg7 22. Bxg6 Kxg6 23. Nh4+ Kh7 24. Qb1+ Kh8 25.
Ng6+ Kg8 26. Nxf8 Rxf8 27. Rxf8+ Qxf8 28. Qxb7 Qg7 29. Qc8+ Kh7 30. Qxc4 N7f6 31. Qd3+ Kg8 32. c4 Ne7 33. Rf1 Nf5 34. d5 Nh4 35. Qe2 exd5 36. cxd5 Qa7+ 37. Be3 Qe7 38. d6 Qxd6 39. Qc4+ Kg7 40.
Qxh4 1-0

[Event "Early-Titled-Tuesday-Blitz-July-09-2024"]
[Site "Chess.com"]
[Date "2024.07.09"]
[Round "2"]
[White "montyotto"]
[Black "marvinguevara"]
[Result "1-0"]
[WhiteElo "2428"]
[BlackElo "2043"]
[TimeControl "180+1"]
[EndTime "8:17:08 PDT"]
[Termination "montyotto won on time"]

1. e4 c5 2. Nc3 Nc6 3. f4 g6 4.
Nf3 Bg7 5. Bc4 e6 6. f5 Nge7 7. fxe6 fxe6 8. d3 d5 9. Bb3 b5 10. O-O c4 11. dxc4 dxc4 12. Qxd8+ Kxd8 13. Nxb5 cxb3 14. axb3 Bd7 15. Rd1 Rf8 16. c3 a6 17.
Be3 Rb8 18. c4 axb5 19. Bc5 Rxf3 20. gxf3 Be5 21. Rd2 Bf4 22. Rd3 Ne5 23. Rc3 b4 24.
Rc2 N5c6 25. Rd1 Kc7 26. Rd3 Nc8 27. Kf2 g5 28. Re2 1-0

[Event "Early-Titled-Tuesday-Blitz-July-09-2024"]
[Site "Chess.com"]
[Date "2024.07.09"]
[Round "2"]
[White "ccccvhhhj"]
[Black "GothamChess"]
[Result "0-1"]
[WhiteElo "2520"]
[BlackElo "2755"]
[TimeControl "180+1"]
[EndTime "8:17:09 PDT"]
[Termination "GothamChess won on time"]

1. e4 d5 2. exd5 Qxd5 3. Nf3 Bg4 4. Be2 Nc6 5. d4 O-O-O 6. Be3 e5 7. c4 Qe4 8. d5 Bxf3 9. Bxf3 Qxc4 10. Nd2 Bb4 11.
dxc6 f5 12. cxb7+ Kb8 13. Be2 Qd5 14. O-O Bxd2 15. Qa4 Bxe3 16. fxe3 Ne7 17. Rad1 Qxb7 18. Qh4 c6 19. Bc4 Qb4 20. b3 Qc5 21. Kh1 h6 22. Qh5 Qxe3 23. Rde1 Qc5 24. Qf7 g5 25. Qf6 e4 26.
Rd1 e3 27. Rfe1 f4 28. h3 h5 29. Be6 Rhf8 0-1

[Event "Early-Titled-Tuesday-Blitz-July-09-2024"]
[Site "Chess.com"]
[Date "2024.07.09"]
[Round "2"]
[White "ImportedItalianMaple"]
[Black "ilya2700"]
[Result "1-0"]
[WhiteElo "2468"]
[BlackElo "2219"]
[TimeControl "180+1"]
[EndTime "8:17:09 PDT"]
[Termination "ImportedItalianMaple won on time"]

1. d4 d5 2. Nf3 e6 3. c4 c5 4.
cxd5 exd5 5. g3 Nc6 6. Bg2 Nf6 7.
O-O Bd6 8. dxc5 Bxc5 9. a3 O-O 10. b4 Bb6 11. Nc3 Bg4 12. Bg5 h6 13. Bxf6 Qxf6 14. Nxd5 Qd8 15. Nxb6 Qxb6 16. Rc1 Rfe8 17. Re1 Rad8 18.
Qb3 Bxf3 19. Qxf3 Nd4 20. Qd3 Nxe2+ 21. Qxe2 Rxe2 22. Rxe2 Qa6 23. Re3 Qa4 24. Bxb7 Rd1+ 25. Rxd1 Qxd1+ 26. Kg2 g6 27. h4 h5 28. Bf3 Qd7 29.
Re5 Kg7 30. Ra5 Qc7 31. a4 Qc3 32. Rb5 Qd4 33. Rb7 Kf6 34. a5 a6 35. b5 axb5 36.
a6 Qa4 37. a7 b4 38. Rb6+ 1-0

[Event "Early-Titled-Tuesday-Blitz-July-09-2024"]
[Site "Chess.com"]
[Date "2024.07.09"]
[Round "2"]
[White "santosalberto1987"]
[Black "dealshark"]
[Result "1-0"]
[WhiteElo "2596"]
[BlackElo "2373"]
[TimeControl "180+1"]
[EndTime "8:17:11 PDT"]
[Termination "santosalberto1987 won by resignation"]

1. e4 c5 2. Nf3 d6 3. Bb5+ Nd7 4. d4 cxd4 5. Qxd4 a6 6. Bxd7+ Bxd7 7.
Nc3 Nf6 8. Bg5 e6 9. O-O-O Be7 10. e5 dxe5 11. Nxe5 Bb5 12. Nxb5 axb5 13. Qxd8+ Bxd8 14. a3 O-O 15. Bxf6 Bxf6 16. Nd7 Rfd8 17. Nxf6+ gxf6 18. Rxd8+ Rxd8 19. Rd1 Rxd1+ 20. Kxd1 Kf8 21. Kd2 Ke7 22. Kc3 Kd6 23. Kb4 Kc6 24. a4 bxa4 25. Kxa4 Kc5 26. Kb3 Kd4 27. Kb4 e5 28. c4 e4 29. Kb5 f5 30. g3 Kd3 31. b4 Ke2 32.
Kb6 Kxf2 33. Kxb7 e3 34. c5 e2 35. c6 e1=Q 36. b5 Qe6 37. c7 Qd7 38. b6 Kg2 39.
Kb8 Kxh2 40. c8=Q Qd6+ 41. Qc7 Qd2 42. b7 1-0

[Event "Early-Titled-Tuesday-Blitz-July-09-2024"]
[Site "Chess.com"]
[Date "2024.07.09"]
[Round "2"]
[White "FM_Kappeler"]
[Black "Schattman"]
[Result "1-0"]
[WhiteElo "2291"]
[BlackElo "2472"]
[TimeControl "180+1"]
[EndTime "8:17:11 PDT"]
[Termination "FM_Kappeler won on time"]

1. d4 d5 2. c4 e6 3. Nf3 Nf6 4. g3 dxc4 5. Bg2 c5 6. O-O Nc6 7. Qa4 Bd7 8. Qxc4 b5 9. Qc3 b4 10. Qd3 Rc8 11. Bg5 Be7 12. Nbd2 O-O 13. Bxf6 Bxf6 14.
dxc5 Bxb2 15. Rad1 Be8 16. Qb3 Bf6 17. Ne4 Qc7 18.
Nxf6+ gxf6 19. Qb2 Qe7 20. Rd6 a5 21. Rfd1 Na7 22.
Qc1 Nb5 23. Qh6 Rxc5 24. R6d4 Nxd4 25. Rxd4 f5 26. Rh4 f6 27. g4 Qg7 28. Qe3 Rc2 29.
Qxe6+ Bf7 30. Qxf5 Bg6 31. Qd5+ Bf7 32. Qd3 Rc1+ 33. Bf1 Qg6 34. Qe3 Qb1 35. Nd2 1-0

[Event "Early-Titled-Tuesday-Blitz-July-09-2024"]
[Site "Chess.com"]
[Date "2024.07.09"]
[Round "2"]
[White "IC3S2"]
[Black "Yan_Dyomin2010"]
[Result "0-1"]
[WhiteElo "2537"]
[BlackElo "2764"]
[TimeControl "180+1"]
[EndTime "8:17:12 PDT"]
[Termination "Yan_Dyomin2010 won by resignation"]

1. e4 c5 2. Nc3 Nc6 3. Bb5 Nd4 4. Nf3 e6 5. O-O a6 6. Bd3 Ne7 7. Nxd4 cxd4 8. Ne2 Nc6 9. c3 dxc3 10. bxc3 Be7 11.
Bc2 d5 12. d4 dxe4 13. Bxe4 O-O 14. Rb1 Bd6 15. Qd3 h6 16. h3 Qc7 17. Be3 Bd7 18. Qd2 f5 19. Bd3 f4 20. Bc2 fxe3 21.
Qd3 exf2+ 22. Rxf2 Bh2+ 23. Kf1 Rxf2+ 24. Kxf2 Rf8+ 25.
Ke1 Rf6 26. g3 Ne7 27. Kd2 Nf5 28. d5 Bxg3 29. Nxg3 Qf4+ 30. Kd1 Nxg3 31. Rxb7 Qf1+ 32. Qxf1 Rxf1+ 33. Kd2 Rf2+ 34. Kd1 Rxc2 35. Kxc2 Ba4+ 36. Kb2 exd5 37. Ka3 Bb5 38. Kb4 Bc4 39. a4 Ne2 40.
h4 Nf4 41. Kc5 Ng6 42. a5 Nxh4 43. Kd6 Nf5+ 44. Ke5 Ne3 45. Re7 Nd1 46. Ke6 d4+ 47.
Ke5 dxc3 48. Rc7 Bb3 49. Kd4 c2 50. Kd3 Nf2+ 51. Kd2 Ne4+ 52. Kc1 Ba4 53. Rc3 Bb5 54. Rc7 Nd6 55. Rc3 Nc4 56. Rxc2 Nxa5 57. Rg2 Nc6 58.
Kd2 Ne5 59. Ke3 g5 60. Ke4 Bc6+ 0-1

[Event "Early-Titled-Tuesday-Blitz-July-09-2024"]
[Site "Chess.com"]
[Date "2024.07.09"]
[Round "2"]
[White "Massakru"]
[Black "GoltsevDmitry2000"]
[Result "0-1"]
[WhiteElo "2397"]
[BlackElo "2729"]
[TimeControl "180+1"]
[EndTime "8:17:12 PDT"]
[Termination "GoltsevDmitry2000 won by resignation"]

1. e4 e6 2. d4 d5 3. Nc3 c5 4. dxc5 d4 5. Nb5 Bxc5 6. Nf3 Nc6 7. c3 dxc3 8. Qxd8+ Kxd8 9. Nxc3 h6 10. Bd2 a6 11.
O-O-O Ke7 12. Be3 Bxe3+ 13. fxe3 Nf6 14. h3 b5 15. a3 Bb7 16. Bd3 Rac8 17. Rhf1 b4 18.
axb4 Nxb4 19. Bb1 Nxe4 20. Ne5 Nf6 21. Rd4 Nbd5 22. Kd2 Rhd8 23. g4 Nxc3 24. bxc3 Bg2 25. Rg1 Bxh3 26. Bd3 a5 27. Rg3 Bf1 28. Bxf1 Ne4+ 29.
Ke1 Nxg3 30. Bb5 Rxd4 31. cxd4 Ra8 32. Bc6 Ra6 33. Ba4 Ne4 34. Bb5 Rb6 35. Nc6+ Kd6 36. Ba4 Rxc6 0-1

[Event "Early-Titled-Tuesday-Blitz-July-09-2024"]
[Site "Chess.com"]
[Date "2024.07.09"]
[Round "2"]
[White "mind1mover"]
[Black "PapaieDudu"]
[Result "1-0"]
[WhiteElo "2807"]
[BlackElo "2414"]
[TimeControl "180+1"]
[EndTime "8:17:12 PDT"]
[Termination "mind1mover won on time"]

1. c4 e6 2. Nc3 d5 3. e3 Nf6 4. Nf3 Be7 5. b3 O-O 6. Bb2 b6 7. cxd5 exd5 8. g3 Bb7 9. Bg2 c5 10. d4 Nc6 11. O-O Re8 12. Ne2 Ne4 13. dxc5 bxc5 14. Nf4 Bf6 15. Bxf6 Nxf6 16. Rc1 Qe7 17. Qc2 Nb4 18. Qxc5 Nxa2 19. Qxe7 Rxe7 20. Ra1 Nc3 21. Nd4 Nce4 22. Rfc1 Rc8 23. Rxc8+ Bxc8 24. Nc6 Rd7 25.
Rxa7 Rxa7 26. Nxa7 Bb7 27. Nb5 g5 28. Ne2 Nd2 29.
Ned4 Nfe4 30. f3 Nc5 31. Nd6 Ba6 32. b4 Ne6 33. b5 Nxd4 34. exd4 Bxb5 35. Nxb5 Nb3 36.
Kf2 f5 37. Ke3 Kf7 38. f4 gxf4+ 39. Kxf4 Ke6 40. Bh3 Nd2 41. Bxf5+ Kf6 42. Bxh7 Nc4 43. Nc3 Nb2 44. Nxd5+ Kg7 45. Be4 Nd1 46. Bd3 Nf2 47. Bf1 Nd1 48. Kf3 Nb2 49. Bb5 1-0

[Event "Early-Titled-Tuesday-Blitz-July-09-2024"]
[Site "Chess.com"]
[Date "2024.07.09"]
[Round "2"]
[White "FrenchPlayer2203"]
[Black "MusicCityMaster"]
[Result "0-1"]
[WhiteElo "2286"]
[BlackElo "2504"]
[TimeControl "180+1"]
[EndTime "8:17:12 PDT"]
[Termination "MusicCityMaster won on time"]

1. d4 Nf6 2. c4 c5 3. d5 b5 4.
cxb5 a6 5. bxa6 g6 6. Nc3 Bg7 7. e4 O-O 8. Bc4 Qa5 9. a7 Rxa7 10. Bd2 Qb6 11. Qc2 Ba6 12. Bxa6 Nxa6 13. Nge2 Nb4 14.
Qb1 Ng4 15. O-O c4 16. h3 Nxf2 17. Rxf2 Nd3 18. Qf1 Qxb2 19. Rd1 Nxf2 20. Qxf2 Ra6 21. Rb1 Qc2 22. Rc1 Qd3 23. Nf4 Qd4 24. Be3 Qe5 25. Nfe2 f5 26. Bd4 Qb8 27. Bxg7 Kxg7 28. Qd4+ Kg8 29. exf5 Rxf5 30. g4 Rf3 31. Kg2 Rd3 32. Qf4 Rf6 0-1

[Event "Early-Titled-Tuesday-Blitz-July-09-2024"]
[Site "Chess.com"]
[Date "2024.07.09"]
[Round "2"]
[White "AlainBruxelles"]
[Black "bazar-wokzal"]
[Result "0-1"]
[WhiteElo "2263"]
[BlackElo "2585"]
[TimeControl "180+1"]
[EndTime "8:17:13 PDT"]
[Termination "bazar-wokzal won by resignation"]

1. d4 Nf6 2. c4 Nc6 3. Bg5 e5 4. d5 Bb4+ 5. Nd2 Ne7 6. Nf3 Ng6 7. a3 Bxd2+ 8. Nxd2 d6 9. e4 h6 10. Be3 Ng4 11.
Qe2 O-O 12. h3 Nxe3 13. Qxe3 f5 14. exf5 Bxf5 15. Bd3 Nf4 16. Bf1 Qd7 17. Ne4 c6 18. dxc6 bxc6 19. Rd1 d5 20. g3 Nxh3 21. Bxh3 Bxh3 22.
cxd5 cxd5 23. Nc5 Qg4 24. Rxd5 Bg2 25. Rh4 Qxh4 26. gxh4 Bxd5 27. b4 Rf3 28. Qxe5 Bf7 29. Kf1 Rxa3 30. Kg2 Rd8 31. Qc7 Bd5+ 32. Kh2 Rf8 33.
Qd6 Rxf2+ 0-1

[Event "Early-Titled-Tuesday-Blitz-July-09-2024"]
[Site "Chess.com"]
[Date "2024.07.09"]
[Round "2"]
[White "Byniolus"]
[Black "AmbartsumianTyhran2012"]
[Result "1-0"]
[WhiteElo "2802"]
[BlackElo "2565"]
[TimeControl "180+1"]
[EndTime "8:17:15 PDT"]
[Termination "Byniolus won on time"]

1. d4 Nf6 2. Nf3 g6 3. Bf4 Bg7 4. e3 O-O 5. Be2 d6 6. h3 b6 7.
O-O Bb7 8. a4 a5 9. c3 Nbd7 10.
Bh2 Ne4 11. Na3 f5 12. Nb5 Kh8 13. Qb3 Ndf6 14. Rfd1 Rc8 15. Ne1 Qe8 16. Bc4 c6 17.
Na3 d5 18. Bf1 Qd8 19. c4 e6 20. Rac1 Qe7 21. Qxb6 g5 22. f3 g4 23. fxe4 Nxe4 24. Bf4 h5 25. Nd3 gxh3 26. gxh3 Bf6 27. Kh2 Rg8 28. Bg2 h4 29. Bxe4 fxe4 30. Ne5 Rg3 31. Bxg3 hxg3+ 32. Kg2 Rg8 33. Rf1 Bxe5 34. dxe5 Qh7 35.
Rf4 Qh5 36. Rc2 Qg5 37. Qxb7 d4 38. Qf7 1-0

[Event "Early-Titled-Tuesday-Blitz-July-09-2024"]
[Site "Chess.com"]
[Date "2024.07.09"]
[Round "2"]
[White "BeanScreen"]
[Black "ALRS-SPS"]
[Result "1-0"]
[WhiteElo "2677"]
[BlackElo "2403"]
[TimeControl "180+1"]
[EndTime "8:17:15 PDT"]
[Termination "BeanScreen won by resignation"]

1. e4 e5 2. Nf3 Nc6 3. Bc4 Bc5 4. c3 Nf6 5. d3 d6 6. O-O a6 7. a4 Ba7 8. Re1 O-O 9. h3 Re8 10. b4 Be6 11. Nbd2 Bxc4 12. Nxc4 Qe7 13. Rb1 Rad8 14. b5 axb5 15. axb5 Nb8 16. Ra1 Bc5 17. d4 exd4 18. cxd4 Bb4 19. Bd2 Bxd2 20. Ncxd2 c6 21. Qb3 Qc7 22.
b6 Qc8 23. e5 dxe5 24. dxe5 Nd5 25. Nc4 Qe6 26. Nd6 Re7 27. Ra7 Rxd6 28. exd6 Qxd6 29.
Rxe7 Qxe7 30. Ra8 Qd6 31. Nd4 g6 32. Qb2 Nf4 33. g3 Nxh3+ 34. Kg2 Ng5 35. Qa3 Qd5+ 36. Kg1 Nh3+ 37. Kh2 Qxd4 38. Rxb8+ Kg7 39. Qf8+ Kf6 40. Qh8+ 1-0

[Event "Early-Titled-Tuesday-Blitz-July-09-2024"]
[Site "Chess.com"]
[Date "2024.07.09"]
[Round "2"]
[White "Ranindu2003"]
[Black "KorolDimitriy75"]
[Result "1-0"]
[WhiteElo "2672"]
[BlackElo "2401"]
[TimeControl "180+1"]
[EndTime "8:17:15 PDT"]
[Termination "Ranindu2003 won on time"]

1. Nf3 c5 2. e3 g6 3. d4 Nf6 4. b3 Bg7 5. Bb2 O-O 6. Bd3 d5 7. Nbd2 Nc6 8. O-O cxd4 9. exd4 b6 10. Ne5 Bb7 11. Re1 Rc8 12. a3 Nxe5 13. dxe5 Ne4 14. Nf3 Qc7 15. c4 Rfd8 16. Qe2 Nc5 17. Bc2 dxc4 18.
bxc4 Ne6 19. Qe3 Qxc4 20. Bb3 Qd3 21. Bxe6 fxe6 22. Nd4 Qxe3 23. Rxe3 Bd5 24. f4 Rc4 25. Rc1 Rdc8 26. Rxc4 Rxc4 27. g3 Kf8 28. Kf2 Kf7 29. Ke2 a6 30. Kd2 b5 31. Nc2 Rc7 32. Bc3 Bc4 33.
Bb4 Rd7+ 34. Kc1 Ra7 35. Bc5 Rc7 36. Bb6 Rc6 37. Ba5 Rc8 38. Kb2 Bh6 39. h4 Bg7 40. Rc3 Rd8 41. Bxd8 1-0

[Event "Early-Titled-Tuesday-Blitz-July-09-2024"]
[Site "Chess.com"]
[Date "2024.07.09"]
[Round "2"]
[White "madmax011"]
[Black "kuba2006"]
[Result "1-0"]
[WhiteElo "2381"]
[BlackElo "2545"]
[TimeControl "180+1"]
[EndTime "8:17:16 PDT"]
[Termination "madmax011 won on time"]

1. d4 Nf6 2. c4 d6 3. Nc3 Nbd7 4.
e4 e5 5. Nf3 Be7 6. Be2 O-O 7.
O-O c6 8. d5 c5 9. Ne1 Ne8 10.
Nd3 Bg5 11. f4 exf4 12. Bxf4 Bxf4 13. Nxf4 Ne5 14. Qd2 Qe7 15. Rae1 g6 16. b3 Ng7 17.
Bd3 Bd7 18. Re3 Rae8 19. h3 Kh8 20. Qf2 Kg8 21. Be2 Bc8 22. Qg3 Kh8 23. a3 f5 24. Bf3 fxe4 25. Rxe4 Nf5 26. Qe1 Qg5 27. Kh2 Nd4 28. Bd1 Bf5 29. Re3 Qh6 30. Nb5 Ng4+ 31. Bxg4 Rxe3 32. Qxe3 Bxg4 33. Nxd4 cxd4 34. Qxd4+ Kg8 35.
Kg1 Bd7 36. Ne6 1-0